 Dungeon Crawl Stone Soup version 0.31-a0-1591-g515db51633 (webtiles) character file.

Game seed: 10459991920455451705

2772 Ofeo the Sneak (level 9, 0/79 HPs)
             Began as a Black Draconian Brigand on Jan 7, 2024.
             Was a Believer of Uskayaw.
             Killed from afar by Maggie (13 damage)
             ... with a bolt of fire
             ... on level 8 of the Dungeon.
             The game lasted 00:07:02 (7147 turns).

Ofeo the Sneak (Black Draconian Brigand)            Turns: 7147, Time: 00:07:02

Health: 0/79       AC: 13    Str: 14    XL:     9   Next: 42%
Magic:  9/9        EV: 14    Int: 17    God:    Uskayaw [**....]
Gold:   37         SH:  0    Dex: 12    Spells: 8/8 levels left

rFire   . . .        E - +8 great sword of Demonkind {drain, Int+5 Dex-4 Stlth+}
rCold   + . .        (shield currently unavailable)
rNeg    . . .        (body armour unavailable)
rPois   .            (helmet restricted)
rElec   +            b - +1 cloak
rCorr   .            (no gloves)
SInv    .            (no boots)
Will    .....        p - amulet of regeneration
Stlth   ++++         f - ring of protection from cold
HPRegen 1.13/turn    A - +4 ring of protection
MPRegen 0.11/turn

%: no passive effects
@: mesmerised
A: breathe lightning, AC +7, unfitting armour, electricity resistance,
cold-blooded
a: Breathe Lightning, Renounce Religion, Stomp, Line Pass


You were on level 8 of the Dungeon.
You worshipped Uskayaw.
Uskayaw was noncommittal.
You visited 2 branches of the dungeon, and saw 9 of its levels.

You collected 367 gold pieces.
You spent 330 gold pieces at shops.

Inventory:

Hand Weapons
 a - a +3 dagger
 h - the +6 hammer "Yqagonu" {freeze, MP+9}
   (You found it on level 3 of the Dungeon)

   MP+9:      It affects your magic capacity (+9).
 k - a +2 scythe of venom
 l - a +3 short sword
 E - the +8 great sword of Demonkind (weapon) {drain, Int+5 Dex-4 Stlth+}
   (You bought it in a shop on level 8 of the Dungeon)

   Int+5:     It affects your intelligence (+5).
   Dex-4:     It affects your dexterity (-4).
   Stlth+:    It makes you more stealthy.
Missiles
 c - 9 poisoned darts
 d - 3 curare-tipped darts (quivered)
 s - a throwing net
Armour
 b - a +1 cloak (worn)
Jewellery
 f - a ring of protection from cold (left hand)
 p - an amulet of regeneration (around neck)
 x - an amulet of the acrobat
 A - a +4 ring of protection (right hand)
Talismans
 v - a maw talisman
Wands
 w - a wand of charming (11)
 B - a wand of mindburst (8)
 C - a wand of roots (10)
Scrolls
 o - 5 scrolls of fog
 D - a scroll of blinking {@r4}
Potions
 e - a potion of enlightenment
 g - 2 potions of cancellation
 j - 3 potions of heal wounds {unknown}
 m - 2 potions of might {@q4}
 n - 2 potions of magic
 q - 5 potions of curing {@q1}
 r - a potion of invisibility {unknown}
 t - a potion of experience {unknown}
 u - 2 potions of berserk rage {unknown}
 y - a potion of resistance {unknown}
 z - a potion of lignification {unknown}


   Skills:
 + Level 7.2 Fighting
 - Level 3.1(3.4) Short Blades
 * Level 2.1(3.0) Long Blades
 - Level 5.8 Throwing
 + Level 5.7 Dodging
 + Level 7.3 Stealth


You had 8 spell levels left.
You didn't know any spells.
Your spell library contained the following spells:

 Spells                   Type           Power      Damage    Failure   Level
 Apportation              Tloc           0%         N/A       24%         1
 Call Imp                 Summ           0%         N/A       34%         2
 Jinxbite                 Hex            0%         N/A       34%         2
 Lesser Beckoning         Tloc           0%         N/A       34%         2
 Sublimation of Blood     Necr           0%         N/A       34%         2
 Dazzling Flash           Conj/Hex       0%         N/A       56%         3
 Gell's Gravitas          Tloc           0%         N/A       56%         3
 Teleport Other           Tloc           0%         N/A       56%         3
 Volatile Blastmotes      Fire/Tloc      0%         2d10      56%         3
 Alistair's Intoxication  Alch           0%         N/A       100%        5
 Starburst                Conj/Fire      0%         6d3       100%        6
 Summon Hydra             Summ           0%         N/A       100%        7
 Maxwell's Capacitive Co  Air            0%         ∞         100%        8


Dungeon Overview and Level Annotations

Branches:
Dungeon (8/15)             Temple (1/1) D:7
   Lair: D:8-11

Altars:
Ashenzari
Cheibriados
Dithmenos
Elyvilon
Fedhas
Gozag
Hepliaklqana
Kikubaaqudgha
Makhleb
Okawaru
Qazlal
Ru
Sif Muna
Trog
Uskayaw
Vehumet
Wu Jian
Xom
Yredelemnul
Zin
The Shining One

Shops:
D:5 *   D:8 (

Annotations:
D:8 Maggie


Innate Abilities, Weirdness & Mutations

You can breathe wild blasts of lightning.
Your glossy black scales are hard. (AC +7)
You cannot fit into any form of body armour.
You are resistant to electric shocks. (rElec)
You are cold-blooded and may be slowed by cold attacks.


Message History

Maggie barely misses you. x2
You slash Maggie! You tail-slap Maggie, but do no damage.
Maggie is moderately wounded.
Maggie casts a spell.
Maggie attempts to bespell you!
You are mesmerised by Maggie!
You barely miss Maggie.
Maggie is moderately wounded.
Maggie casts a spell at you. The bolt of fire hits you!!
Maggie hits you but does no damage.
You take 29 damage, and have 50/79 hp.
MASSIVE DAMAGE!!
You slash Maggie! You drain Maggie.
Your tail-slap misses Maggie.
Maggie is heavily wounded.
Maggie casts a spell.
Maggie draws you further into her thrall.
You can now pass through a line of other dancers.
You hit Maggie.
Maggie is heavily wounded.
Maggie hits you with a +1 broad axe of flaming.
Maggie burns you. Maggie barely misses you.
You take 7 damage, and have 44/79 hp.
You barely miss Maggie.
Maggie is heavily wounded.
Maggie barely misses you.
You regained 2 hp, and now have 46/79 hp.
You hit Maggie.
Maggie is severely wounded.
Maggie hits you with a +1 broad axe of flaming!
Maggie burns you.
Maggie hits you with a +1 broad axe of flaming.
Maggie burns you.
You take 18 damage, and have 28/79 hp.
MASSIVE DAMAGE!!
You slash Maggie! You drain Maggie.
Maggie is almost dead.
Maggie gestures at you while chanting. The bolt of fire hits you!
* * * LOW HITPOINT WARNING * * *
Maggie gestures at you while chanting. The bolt of fire hits you!
You die...

#.# #.## ##.# ***
#.# *,###** #.##
*,....###*##.#
**,....)..###.#
*,,...........##
*,,......@@....#*
*,,.............#*
*,,..............#
**,..............#
*,..............#
**..............#
*#...........<.#
#..........>#.#
**,,,,,,,,,**,**


You could see Maggie (mesmerising, very drained).

Vanquished Creatures
  Sigmund (D:2)
  A wyvern (D:8)
  A wraith (D:5)
  A sky beast (D:8)
  2 black bears
  2 ogres
  A centaur (D:8)
  3 phantoms
  A kobold brigand (D:5)
  4 scorpions
  A bullfrog (D:7)
  3 wights (D:7)
  4 howler monkeys
  2 bombardier beetles
  A jelly (D:4)
  7 orc priests
  Crazy Yiuf (D:3)
  3 hounds
  Terence (D:3)
  3 iguanas
  7 orc wizards
  4 gnolls (D:3)
  6 adders
  A shadow imp (D:5)
  2 white imps (D:7)
  2 ufetubi (D:7)
  2 dart slugs
  2 ribbon worms (D:2)
  18 orcs
  11 bats
  7 endoplasms
  3 giant cockroaches
  9 hobgoblins
  3 jackals (D:5)
  7 kobolds
  4 quokkas
  8 ball pythons
  3 frilled lizards
  3 goblins
  6 rats
151 creatures vanquished.

Notes
Turn   | Place    | Note
-------+----------+-------------------------------------------
     0 | D:1      | Ofeo the Draconian Brigand began the quest for the Orb.
     0 | D:1      | Reached XP level 1. HP: 17/17 MP: 1/1
    82 | D:1      | Reached skill level 1 in Dodging
   371 | D:1      | Reached XP level 2. HP: 25/25 MP: 2/2
  1396 | D:1      | Reached XP level 3. HP: 30/30 MP: 3/3
  1902 | D:2      | Noticed Sigmund
  1905 | D:2      | Killed Sigmund
  1906 | D:2      | Reached XP level 4. HP: 38/38 MP: 4/4
  1906 | D:2      | Reached XP level 5. HP: 45/45 MP: 5/5
  2305 | D:2      | Found a faded altar of an unknown god.
  2752 | D:3      | Reached XP level 6. HP: 27/51 MP: 6/6
  2937 | D:3      | Noticed Terence
  2942 | D:3      | Killed Terence
  3422 | D:3      | Found a runed translucent door.
  3423 | D:3      | Noticed Crazy Yiuf
  3445 | D:3      | Killed Crazy Yiuf
  3476 | D:3      | Identified the +6 hammer "Yqagonu" {freeze, MP+9}
  3781 | D:4      | Reached skill level 5 in Stealth
  3894 | D:4      | Found an opulent altar of Gozag.
  3894 | D:4      | Found a hazy altar of Hepliaklqana.
  3895 | D:4      | Found a blossoming altar of Fedhas.
  3993 | D:4      | Your scales start taking on a glossy black colour.
  3993 | D:4      | Reached XP level 7. HP: 59/59 MP: 7/7
  3993 | D:4      | Gained mutation: You are resistant to electric shocks.
                  | (rElec) [Black Draconian growth]
  4299 | D:5      | Entered Level 5 of the Dungeon
  4418 | D:5      | Reached skill level 5 in Fighting
  4434 | D:5      | Found a shimmering altar of Xom.
  4453 | D:5      | Noticed a wraith
  4478 | D:5      | Killed a wraith
  4564 | D:5      | Reached XP level 8. HP: 64/68 MP: 8/8
  4613 | D:5      | Found a shadowy altar of Dithmenos.
  4920 | D:5      | Found Fiqint's General Store.
  4926 | D:5      | Bought 2 potions of curing for 66 gold pieces
  5210 | D:6      | Reached skill level 5 in Throwing
  6149 | D:7      | Reached skill level 5 in Dodging
  6190 | D:7      | Found a staircase to the Ecumenical Temple.
  6203 | Temple   | Entered the Ecumenical Temple
  6225 | Temple   | Became a worshipper of Uskayaw the Reveller
  6259 | D:7      | Reached * piety under Uskayaw
  6368 | D:7      | Reached ** piety under Uskayaw
  6370 | D:7      | Reached *** piety under Uskayaw
  6616 | D:7      | Reached XP level 9. HP: 78/78 MP: 9/9
  6710 | D:7      | Found a basalt altar of Yredelemnul.
  6813 | D:7      | Reached **** piety under Uskayaw
  6815 | D:7      | Reached ***** piety under Uskayaw
  6907 | D:7      | Found a stormy altar of Qazlal.
  6907 | D:7      | Found an ornate altar of the Wu Jian Council.
  6951 | D:8      | Found Feref's Antique Weapon Shoppe.
  6966 | D:8      | Bought a scorched great sword for 264 gold pieces
  6966 | D:8      | Identified the +8 great sword of Demonkind {drain, Int+5
                  | Dex-4 Stlth+} (You bought it in a shop on level 8 of the
                  | Dungeon)
  7049 | D:8      | Found a white marble altar of Elyvilon.
  7070 | D:8      | Reached skill level 1 in Long Blades
  7115 | D:8      | Noticed Maggie
  7147 | D:8      | Killed from afar by Maggie

Illustrated notes

Levels and vault maps discovered:
D:1:      nagdon_arrival_double_spiral, layout_basic
D:2:      layout_basic, dreamdust_ecumenical_altar_statues, eino_tiny_chamber,
          uniq_sigmund
D:3:      layout_basic, uniq_crazy_yiuf_cottage, uniq_terence
D:4:      layout_loops_ring, gammafunk_temple_overflow_forgotten,
          minmay_fountain_box, nicolae_the_louvre
D:5:      layout_gridville, lemuel_tele_altar, nicolae_overflow_hidden_temple,
          serial_shops, shop
D:6:      layout_basic
D:7:      layout_basic, gammafunk_temple_overflow_wave,
          overflow_temple_1_default, minmay_temple_entry_junction
D:8:      lemuel_castle_with_subvaults [lemuel_castle_interior_carwin_2],
          layout_cave_pods, elyvilon_altar_1, serial_shops,
          nicolae_shop_scrapyard, minivault_19, uniq_pikel, uniq_maggie
Temple:   minmay_temple_forest_path

Skill      XL: |  1  2  3  4  5  6  7  8  9 |
---------------+----------------------------+-----
Dodging        | 1 2 3 4 5 |  5.7
Throwing       | 2 3 4 5 |  5.8
Stealth        | 4 5 6 7 |  7.3
Fighting       | 3 4 5 6 7 |  7.2
Short Blades   | 3 |  3.1
Long Blades    | 2 |  2.1

Action                     |  1- 3 |  4- 6 |  7- 9 || total
---------------------------+-------+-------+-------++-------
  Melee: Dagger            |    88 |       |       ||    88
         Tailslap          |     7 |     7 |    34 ||    48
         Halberd           |       |    87 |    50 ||   137
         Mace              |       |       |   160 ||   160
         Punch             |       |       |     2 ||     2
         Great sword       |       |       |    33 ||    33
  Throw: Dart              |     3 |       |       ||     3
Ability: Breathe Lightning |       |       |     2 ||     2
    Use: Scroll            |     3 |     5 |     5 ||    13
         Potion            |       |     1 |       ||     1
   Stab: Sleeping          |    13 |    12 |    11 ||    36
         Paralysed         |       |       |     5 ||     5
         Distracted        |       |       |     1 ||     1
 Armour: Skin              |    38 |    43 |   233 ||   314
  Dodge: Dodged            |    56 |    42 |   261 ||   359

Table legend: (Time is in decaauts)
 A = Elapsed time spent in this place.
 B = Non-inter-level travel time spent in this place.
 C = Inter-level travel time spent in this place.
 D = Time resting spent in this place.
 E = Time spent auto-exploring this place.
 F = Levels seen in this place.
 G = Mean time per level.
                   A        B        C        D        E       F      G
               +--------+--------+--------+--------+--------+-----+--------+
         Total |   7307 |   7034 |    273 |     42 |   5804 |   9 |  811.9 |
       Dungeon |   7263 |   7033 |    230 |     42 |   5804 |   8 |  907.9 |
        Temple |     44 |      1 |     43 |      0 |      0 |   1 |   44.0 |
               +--------+--------+--------+--------+--------+-----+--------+

Top non-repeatable levels by time:
     D:1: 1526 daAuts
     D:2: 1063 daAuts
     D:6: 1040 daAuts
     D:3: 997 daAuts
     D:5: 852 daAuts
     D:7: 794 daAuts
     D:4: 748 daAuts
     D:8: 240 daAuts
  Temple: 44 daAuts
